 Dungeon Crawl Stone Soup version 0.26-a0-1164-g1a551d6a14 (webtiles) character file.

Game seed: 12063464681572643415

0 melloss the Sneak (level 1, -1/11 HPs)
             Began as a Halfling Enchanter on Dec 23, 2020.
             Slain by a hobgoblin
             ... wielding a +0 club
              (2 damage)
             ... on level 1 of the Dungeon.
             The game lasted 00:01:55 (156 turns).

melloss the Sneak (Halfling Enchanter)               Turns: 156, Time: 00:01:56

Health: -1/11      AC:  2    Str:  9    XL:     1   Next: 11%
Magic:  3/3        EV: 15    Int: 13    God:
Gold:   32         SH:  0    Dex: 14    Spells: 2/3 levels left

rFire    . . .     SeeInvis .   a - +1 dagger
rCold    . . .     Faith    +   (shield restricted)
rNeg     . . .     Spirit   .   b - +0 robe
rPois    .         Reflect  .   (no helmet)
rElec    .         Harm     .   (no cloak)
rCorr    .         Rampage  .   (no gloves)
Will     .....                  (no boots)
Stlth    ++........             d - amulet of faith
HPRegen  0.03/turn              (no ring)
MPRegen  0.08/turn              (no ring)

@: no status effects
A: small, mutation resistance 1
a: no special abilities


You were on level 1 of the Dungeon.
You visited 1 branch of the dungeon, and saw 1 of its levels.

You collected 32 gold pieces.

Inventory:

Hand Weapons
 a - a +1 dagger (weapon)
Armour
 b - a +0 robe (worn)
 f - a +0 leather armour
Jewellery
 d - an amulet of faith (around neck)
Scrolls
 c - a scroll of identify {unknown}
Potions
 e - a potion of haste {unknown}


   Skills:
 + Level 1.2 Short Blades
 - Level 2.1 Dodging
 + Level 3.3 Stealth
 - Level 1.5 Spellcasting
 - Level 2.4 Hexes


You had 2 spell levels left.
You knew the following spells:

 Your Spells              Type           Power        Failure   Level
a - Corona                Hex            7%           10%         1

Your spell library contained the following spells:

 Spells                   Type           Power        Failure   Level
 Ensorcelled Hibernation  Hex/Ice        8%           24%         2
 Confusing Touch          Hex            7%           30%         3
 Tukima's Dance           Hex            7%           30%         3
 Dazzling Flash           Conj/Hex       8%           43%         3


Dungeon Overview and Level Annotations

Branches:
Dungeon (1/15)

Altars:


Innate Abilities, Weirdness & Mutations

You are small and have problems with some larger weapons.
You are somewhat resistant to further mutation.


Message History

Okay, then.
You start removing your armour.
You continue taking off your +0 leather armour. x4
You finish taking off your +0 leather armour.
You start putting on your armour.
You continue putting on your +0 robe. x5
You finish putting on your +0 robe.
You now have 32 gold pieces (gained 13).
Found a stone staircase leading down.
Found 19 stones.
A hobgoblin comes into view. It is wielding a +0 club.
The hobgoblin shouts!
You closely miss the hobgoblin. The hobgoblin hits you with a +0 club.
You barely miss the hobgoblin. The hobgoblin hits you with a +0 club!
Ouch! That really hurt!
* * * LOW HITPOINT WARNING * * *
You completely miss the hobgoblin. The hobgoblin barely misses you.
You hit the hobgoblin.
The hobgoblin is heavily wounded.
The hobgoblin hits you with a +0 club.
You die...

########## # #......... #.
###### #......... ##.. #....#
#.........
#....######....#######.........
.>............@g.....##.####...
#.......###########.##+#..#...
......##.# ######...........
#.... #.######..............##
.(.. ##...........##........#
.................#..#...#+##.#
.................#..#)..#.##.#
. ......≈.§.........#...#.##.#
.......≈........#..#...#.##.##


You could see a hobgoblin.

Vanquished Creatures
  A rat (D:1)
1 creature vanquished.

Notes
Turn   | Place    | Note
-------+----------+-------------------------------------------
     0 | D:1      | melloss the Halfling Enchanter began the quest for the Orb.
     0 | D:1      | Reached XP level 1. HP: 11/11 MP: 3/3
   156 | D:1      | Slain by a hobgoblin

Illustrated notes

Levels and vault maps discovered:
D:1:      onia_arrival_pentagram, layout_basic

Action                   || total
-------------------------++-------
Melee: Dagger            ||     5
 Stab: Sleeping          ||     1
Dodge: Dodged            ||     1

Table legend: (Time is in decaauts)
 A = Elapsed time spent in this place.
 B = Non-inter-level travel time spent in this place.
 C = Inter-level travel time spent in this place.
 D = Time resting spent in this place.
 E = Time spent auto-exploring this place.
 F = Levels seen in this place.
 G = Mean time per level.
                   A        B        C        D        E       F      G
               +--------+--------+--------+--------+--------+-----+--------+
         Total |    155 |    155 |      0 |      0 |     71 |   1 |  155.0 |
       Dungeon |    155 |    155 |      0 |      0 |     71 |   1 |  155.0 |
               +--------+--------+--------+--------+--------+-----+--------+

Top non-repeatable levels by time:
     D:1: 155 daAuts
